 Dungeon Crawl Stone Soup version 0.21-a0-264-g3e31e41 (webtiles) character file.

79 sagitran the Skirmisher (level 4, 0/55 HPs)
             Began as a Barachi Fighter on Sept 8, 2017.
             Succumbed to an adder's poison
             ... on level 3 of the Dungeon.
             The game lasted 00:10:47 (1935 turns).

sagitran the Skirmisher (Barachi Fighter)           Turns: 1935, Time: 00:10:48

Health: 0/55       AC: 22    Str: 19    XL:     4   Next: 38%
Magic:  4/4        EV:  2    Int: 15    God:
Gold:   67         SH:  9    Dex: 11    Spells: 3/3 levels left

rFire    + . .     SeeInvis .   i - -3 hunting sling (curse)
rCold    x . .     Gourm    .   c - +0 shield
rNeg     + + +     Faith    .   (armour currently unavailable)
rPois    +         Spirit   .   (helmet currently unavailable)
rElec    .         Reflect  .   (cloak currently unavailable)
rCorr    .         Harm     .   (gloves currently unavailable)
MR       .....     NoTele   +   (boots currently unavailable)
Stlth    ..........             (no amulet)
HPRegen  0.18/turn              g - ring of fire
MPRegen  0.09/turn              n - ring of loudness (curse)

@: brilliant, lethally poisoned (0 -> -3), tree-form
A: +LOS, swims, clever 1, sense surroundings 1
a: no special abilities


You were on level 3 of the Dungeon.
You were not hungry.
You were a tree.
You visited 1 branch of the dungeon, and saw 4 of its levels.

You collected 67 gold pieces.

Inventory:

Hand Weapons
 a - a +0 long sword
 i - a cursed -3 hunting sling (weapon)
Missiles
 e - 2 tomahawks (quivered)
 j - 6 stones
Armour
 b - a +2 scale mail (melded)
 c - a +0 shield (worn)
Jewellery
 g - a ring of fire (left branch)
 n - a cursed ring of loudness (right branch)
Potions
 d - a potion of might
 l - a potion of lignification
Comestibles
 f - a bread ration
 h - a meat ration


   Skills:
 + Level 4.1 Fighting
 + Level 3.1 Long Blades
 + Level 1.0(1.1) Slings
 + Level 0.6(1.0) Throwing
 + Level 4.1 Armour
 + Level 0.9 Dodging
 + Level 3.9 Shields


You had 3 spell levels left.
You didn't know any spells.

Dungeon Overview and Level Annotations

Branches:
Dungeon (4/15)
 Temple: D:4-7

Altars:

Annotations:
D:3 Ijyb


Innate Abilities, Weirdness & Mutations

Shadows flee at your approach. (+LOS)
You can swim through water.
((You cover ground slowly.))
((You can hop short distances.))
Your mind is acute. (Int +2)
You passively map a small area around you.


Message History

Quivering
e - 3 tomahawks for throwing.
Throwing (i - inventory. (,) - cycle):
e - 3 tomahawks (quivered)
Press: ? - help, Shift-Dir - straight line, f/p - Ijyb
Aim: Ijyb, wielding a dagger, wearing a scale mail and carrying a wand of paralysis (?/24) {empty} (lightly wounded)
You throw a tomahawk.
The tomahawk hits Ijyb but does no damage.
Ijyb is lightly wounded.
* * * LOW HITPOINT WARNING * * *
You feel sick. Ijyb hits you with a dagger.
* * * LOW HITPOINT WARNING * * *
Quiver which item? (- for none, * to show all) (? for menu, Esc to quit)
Okay, then.
It was a potion of lignification.
You turn into a tree.
Your +2 scale mail melds into your body.
Your roots penetrate the ground.
Ijyb screams, "You nasty!
Big nasty!"
Ijyb hits you but does no damage.
It was a potion of brilliance.
You feel clever all of a sudden.
You die...

..... #.#.#..#.#....
, ,
...................
,,
*#....#.#.#......g.
, #....#.#.#.(.....,
#....#.#.#..#..#*
#......#(#..#.. ,, *
#......#....(# #** *
* #......#.#.#(#.#
,,
#....<....g♣#.######
#.......#...........
#..................#
*
#.......#####.####.#
,,+.......# .# *, *
#.......# .#
#.......# ,.,
.........# * #*** ,
, *####.##### * *


You could see Ijyb.

Vanquished Creatures
  A gnoll (D:1)
  3 adders
  2 oozes
  A dart slug (D:1)
  7 bats
  A giant cockroach (D:1)
  4 goblins
  4 hobgoblins
  A quokka (D:2)
  2 frilled lizards
  5 kobolds
  2 rats
33 creatures vanquished.

Notes
Turn   | Place    | Note
-------+----------+-------------------------------------------
     0 | D:1      | sagitran the Barachi Fighter began the quest for the Orb.
     0 | D:1      | Reached XP level 1. HP: 18/18 MP: 1/1
   163 | D:1      | Reached XP level 2. HP: 13/25 MP: 2/2
   318 | D:1      | Reached XP level 3. HP: 10/30 MP: 3/3
  1526 | D:1      | Gained mutation: You passively map a small area around you. [potion of mutation]
  1526 | D:1      | Gained mutation: Your mind is acute. (Int +2) [potion of mutation]
  1632 | D:1      | Reached skill level 1 in Slings
  1632 | D:1      | Reached XP level 4. HP: 28/37 MP: 4/4
  1892 | D:3      | Noticed Ijyb
  1895 | D:3      | Paralysed by Ijyb for 5 turns
  1903 | D:3      | Paralysed by Ijyb for 2 turns
  1933 | D:3      | HP: 1/37 [Ijyb/dagger (2)]
  1935 | D:3      | Succumbed to an adder's poison

Vault maps used:
D:1:      matt_arrival_grand_opening, serial_bayou_ford_a, kennysheep_crisscross
D:2:      minmay_box_of_dots
D:3:      nicolae_overflow_hidden_temple, uniq_ijyb
D:4:      kennysheep_the_goblin_king, eat_drink_and_be_merry_uskayaw,
          grunt_temple_overflow_order_and_chaos_1, first_bread

Skill      XL: |  1  2  3  4 |
---------------+-------------+-----
Fighting       | 4 |  4.1
Long Blades    | 3 |  3.1
Slings         | 1 |  1.0
Armour         | 4 |  4.1
Throwing       | |  0.6
Dodging        | |  0.9
Shields        | |  3.9

Action                   |  1- 3 |  4- 6 || total
-------------------------+-------+-------++-------
Melee: Long sword        |    67 |       ||    67
       Hunting sling     |    27 |       ||    27
 Fire: Hunting sling     |    85 |    13 ||    98
Throw: Tomahawk          |    11 |    24 ||    35
       Javelin           |       |     4 ||     4
  Use: Scroll            |     6 |       ||     6
       Potion            |     1 |     2 ||     3
  Eat: Bread ration      |     1 |       ||     1
Armor: Scale mail        |   200 |    26 ||   226
       Skin              |       |     1 ||     1
Dodge: Dodged            |   105 |    14 ||   119
Block: Shield            |   201 |    32 ||   233
       Rpst.: Long sword |    17 |       ||    17

Table legend:
 A = Spawn XP
 B = Non-spawn XP
 C = Spawn XP percentage of total XP
 D = Spawn monster count
 E = Non-spawn monster count
 F = Spawn count percentage of total count
 G = Total turns spent on level
                    A         B        C        D         E        F      G
               +---------+---------+-------+---------+---------+-------+---------
         Total |       0 |     114 |   0.0 |       0 |      33 |   0.0 |  1935
               +---------+---------+-------+---------+---------+-------+---------
           D:1 |       0 |      81 |   0.0 |       0 |      23 |   0.0 |  1163
           D:2 |       0 |      15 |   0.0 |       0 |       5 |   0.0 |   607
           D:3 |       0 |      18 |   0.0 |       0 |       5 |   0.0 |   163
               +---------+---------+-------+---------+---------+-------+---------
